 Dungeon Crawl Stone Soup version 0.21.1-1-g345015f (webtiles) character file.

43 letownia2 the Conjurer (level 3, -4/19 HPs)
             Began as a Tengu Wizard on Mar 6, 2018.
             Was a Follower of Cheibriados.
             Slain by Sigmund
             ... wielding a +0 scythe
              (8 damage)
             ... on level 2 of the Dungeon.
             The game lasted 00:04:13 (677 turns).

letownia2 the Conjurer (Tengu Wizard)                Turns: 677, Time: 00:04:13

Health: -4/19      AC:  3    Str:  9    XL:     3   Next: 58%
Magic:  0/8        EV: 12    Int: 21    God:    Cheibriados [*.....]
Gold:   54         SH:  0    Dex: 14    Spells: 2/8 levels left

rFire    . . .     SeeInvis .   i - +0 whip
rCold    . . .     Gourm    .   (no shield)
rNeg     . . .     Faith    .   m - +0 leather armour
rPois    .         Spirit   .   b - +0 hat
rElec    .         Reflect  .   (no cloak)
rCorr    .         Harm     .   (no gloves)
MR       .....                  (boots unavailable)
Stlth    ++........             (no amulet)
HPRegen  0.06/turn              (no ring)
MPRegen  0.11/turn              (no ring)

@: very slow
A: beak, talons 3
a: Bend Time, Renounce Religion


You were on level 2 of the Dungeon.
You worshipped Cheibriados.
Cheibriados was aware of your devotion.
You were not hungry.

You visited 1 branch of the dungeon, and saw 3 of its levels.

You collected 54 gold pieces.

Inventory:

Hand Weapons
 i - a +0 whip (weapon)
Missiles
 f - 11 poisoned needles
Armour
 a - a +0 robe
 b - a +0 hat (worn)
 e - a +0 scale mail
 m - a +0 leather armour (worn)
Scrolls
 k - a scroll of blinking {unknown}
Potions
 g - a potion of flight {unknown}
 h - a potion of resistance {unknown}
 j - a potion of cancellation {unknown}
 l - a potion of heal wounds {unknown}
Books
 c - a book of Minor Magic

   Spells                             Type                      Level
   a - Magic Dart                     Conjuration                  1
   b - Blink                          Translocation                2
   c - Call Imp                       Summoning                    2
   d - Slow                           Hexes                        2
   e - Conjure Flame                  Conjuration/Fire             3
   f - Mephitic Cloud                 Conjuration/Poison/Air       3
Comestibles
 d - 2 rations
 n - a chunk of flesh


   Skills:
 - Level 2.1 Dodging
 - Level 2.0 Stealth
 - Level 3.0 Spellcasting
 + Level 4.3 Conjurations
 - Level 1.2 Summonings
   Level 0.7 Translocations
 - Level 1.1 Air Magic


You had 2 spell levels left.
You knew the following spells:

 Your Spells              Type           Power        Failure   Level  Hunger
a - Magic Dart            Conj           ###.         3%          1    None
e - Mephitic Cloud        Conj/Pois/Air  ##......     26%         3    ###....
i - Call Imp              Summ           #.......     17%         2    ##.....


Dungeon Overview and Level Annotations

Branches:
Dungeon (3/15)

Altars:
Cheibriados
Elyvilon
Yredelemnul

Annotations:
D:2 Sigmund


Innate Abilities, Weirdness & Mutations

You have a beak for a mouth.
You have claws for feet.


Message History

Aiming: Magic Dart
Press: ? - help, Shift-Dir - straight line, f/p - Sigmund
Aim: Sigmund, wielding a scythe and wearing a robe (almost dead)
The magic dart hits Sigmund.
Sigmund is almost dead.
Unknown command.
Unknown command.
Sigmund hits you from afar with a scythe.
* * * LOW HITPOINT WARNING * * *
There is a stone staircase leading up, spattered with blood here.
Unknown command.
Unknown command.
Unknown command.
Sigmund gestures wildly while chanting.
Sigmund flickers and vanishes!
Deactivating autopickup; reactivate with Ctrl-A.
Unknown command.
You hit something. Your kick misses something. Your peck misses something.
Something hits you!
You die...

.. ..........##
#.###########
..########.......# #.# #
......†..........# #.# #
....†.####.......####.#
# ......# ##........##.#
# ..###.#
#.....###.##.##### # ..#
#.# #.#.### #<##.#...# #
#.###.#
#.#.#####........# #
#.....#
#.#.##<@{........## #
... @..
@.#.##.####.........####
## ..#
###.#...##..............
# #.................####
###...##..##...##[....
#............#.#####
#..#####[# (..# # #...
.### .## # #..## .#. ##


There were no monsters in sight!

Vanquished Creatures
  An adder (D:3)
  A worm (D:1)
  A dart slug (D:1)
  An orc (D:3)
  2 bats (D:2)
  A giant cockroach (D:1)
  8 jackals (D:2)
  A ball python (D:2)
  A frilled lizard (D:1)
  3 goblins
  2 kobolds (D:2)
  6 rats
28 creatures vanquished.

Notes
Turn   | Place    | Note
-------+----------+-------------------------------------------
     0 | D:1      | letownia2 the Tengu Wizard began the quest for the Orb.
     0 | D:1      | Reached XP level 1. HP: 10/10 MP: 5/5
    43 | D:1      | Reached skill level 2 in Conjurations
    80 | D:1      | Reached XP level 2. HP: 9/15 MP: 0/7
   145 | D:2      | Reached skill level 3 in Conjurations
   149 | D:2      | Learned a level 2 spell: Call Imp
   209 | D:2      | Found a snail-covered altar of Cheibriados.
   225 | D:2      | Became a worshipper of Cheibriados the Contemplative
   277 | D:3      | Reached XP level 3. HP: 19/19 MP: 1/8
   328 | D:2      | Reached skill level 4 in Conjurations
   333 | D:2      | Learned a level 3 spell: Mephitic Cloud
   349 | D:2      | Found a white marble altar of Elyvilon.
   421 | D:2      | Found a basalt altar of Yredelemnul.
   434 | D:2      | Noticed Sigmund
   527 | D:2      | Reached * piety under Cheibriados
   586 | D:1      | Reached skill level 1 in Air Magic
   677 | D:2      | Slain by Sigmund

Skill      XL: |  1  2  3 |
---------------+----------+-----
Conjurations   | 2 3 4 |  4.3
Air Magic      | 1 |  1.1
Dodging        | |  2.1
Stealth        | |  2.0
Spellcasting   | |  3.0
Summonings     | |  1.2
Translocations | |  0.7

Action                   || total
-------------------------++-------
Melee: Unarmed           ||    10
       Kick              ||     9
       Whip              ||    21
       Peck              ||     2
 Cast: Magic Dart        ||    60
       Mephitic Cloud    ||     1
Armor: Robe              ||     3
       Leather armour    ||     3
Dodge: Dodged            ||    33
